[Event "*** Titled Tuesday Blitz"]
[Site "Chess.com"]
[Date "2020.10.20"]
[Round "5"]
[White "Quiet_Desperation"]
[Black "DrMamaliga"]
[Result "1-0"]
[WhiteElo "1841"]
[BlackElo "2346"]
[TimeControl "180+1"]
[EndTime "10:54:32 PDT"]
[Termination "Quiet_Desperation won by resignation"]

1. e4 d6 2. d4 Nf6 3. Nc3 g6 4. Be3 a6 5. f3 b5 6. Qd2 Bb7 7. O-O-O Nbd7 8. g4 Rc8 9. Qf2 Bg7 10. e5 Nd5 11.
Nxd5 Bxd5 12. Kb1 h5 13. gxh5 Rxh5 14. Ne2 dxe5 15. dxe5 Nxe5 16. Nf4 Bxa2+ 17. Kxa2 Qxd1 18. Bxb5+ axb5 19. Rxd1 Rf5 20. Qd2 Ra8+ 21. Kb1 Bf6 22. Nd5 Rc8 23. f4 Nc4 24. Nxf6+ Kf8 25. Nd7+ Ke8 26.
Qd4 e5 27. Nxe5 1-0

[Event "*** Titled Tuesday Blitz"]
[Site "Chess.com"]
[Date "2020.10.20"]
[Round "5"]
[White "Chessbard1972"]
[Black "cukin84"]
[Result "1-0"]
[WhiteElo "2301"]
[BlackElo "2042"]
[TimeControl "180+1"]
[EndTime "10:54:35 PDT"]
[Termination "Chessbard1972 won by resignation"]

1. d4 f5 2. g3 Nf6 3. Bg2 g6 4. Nh3 d6 5. c3 Bg7 6. Qb3 c6 7. Nf4 d5 8. h4 O-O 9. h5 g5 10. h6 Bh8 11. Nh5 g4 12. Ng7 Rf7 13. Nh5 Nbd7 14.
Bg5 Nxh5 15. Rxh5 Nf6 16. Rh1 Ne4 17. Bf4 b5 18. Nd2 a5 19. a4 bxa4 20. Qxa4 Nxd2 21.
Bxd2 e5 22. dxe5 Qc7 23. Bf4 Be6 24. Rd1 Rb8 25. Rd2 Rd7 26. Rh5 Rb5 27. Kf1 Bxe5 28. Rg5+ Kh8 29. e3 Bxf4 30. gxf4 Rd8 31. Qd4+ 1-0

[Event "*** Titled Tuesday Blitz"]
[Site "Chess.com"]
[Date "2020.10.20"]
[Round "5"]
[White "boasovietica"]
[Black "UCantHandleDenker"]
[Result "1-0"]
[WhiteElo "2389"]
[BlackElo "2521"]
[TimeControl "180+1"]
[EndTime "10:54:39 PDT"]
[Termination "boasovietica won by resignation"]

1. e4 c5 2. Nf3 d6 3. d4 cxd4 4. Nxd4 Nf6 5. Nc3 g6 6. Be3 Bg7 7. f3 O-O 8. Qd2 Nc6 9. O-O-O Bd7 10. h4 Ne5 11. h5 Nxh5 12. Bh6 Rc8 13. Bxg7 Kxg7 14.
g4 Nf6 15. Qh6+ Kg8 16. Nd5 Re8 17. g5 Nh5 18. Rxh5 gxh5 19. Nf6+ exf6 20. gxf6 Qxf6 21. Qxf6 Ng6 22. Nf5 Bxf5 23. exf5 Ne5 24. Bb5 1-0

[Event "*** Titled Tuesday Blitz"]
[Site "Chess.com"]
[Date "2020.10.20"]
[Round "5"]
[White "RasSanti"]
[Black "NeverW84M8"]
[Result "0-1"]
[WhiteElo "2282"]
[BlackElo "2464"]
[TimeControl "180+1"]
[EndTime "10:54:41 PDT"]
[Termination "NeverW84M8 won by resignation"]

1. d4 Nf6 2. Bg5 d5 3. Nf3 c5 4. Bxf6 gxf6 5. e3 Nc6 6. c4 dxc4 7. d5 Na5 8. Bxc4 Nxc4 9. Qa4+ Bd7 10. Qxc4 b5 11.
Qxc5 Rc8 12. Qxa7 Rc1+ 13. Ke2 Rxh1 14. Ne1 Qc8 15. Nd2 f5 16. h3 Bg7 17. Qa3 O-O 18.
Qxe7 Re8 19. Qb4 f4 20. Qxf4 Bxb2 21. Rb1 Bg7 22. g4 Rxh3 23. f3 Rh1 24. Ne4 Qc4+ 25. Kf2 Qxa2+ 26. Kg3 Qxb1 0-1

[Event "*** Titled Tuesday Blitz"]
[Site "Chess.com"]
[Date "2020.10.20"]
[Round "5"]
[White "kasparicy"]
[Black "Sn00pPawn"]
[Result "1-0"]
[WhiteElo "2374"]
[BlackElo "2005"]
[TimeControl "180+1"]
[EndTime "10:54:52 PDT"]
[Termination "kasparicy won on time"]

1. e4 c5 2. Nf3 d6 3. d4 cxd4 4. Nxd4 Nf6 5. Nc3 a6 6. Qf3 e6 7. g4 Qc7 8. g5 Nfd7 9. h4 b5 10. Be3 Bb7 11. O-O-O Nc6 12. h5 Nce5 13. Qg2 b4 14. Nce2 Nc4 15. g6 1-0

[Event "*** Titled Tuesday Blitz"]
[Site "Chess.com"]
[Date "2020.10.20"]
[Round "5"]
[White "TrickyFortem"]
[Black "NotFischer"]
[Result "1-0"]
[WhiteElo "2458"]
[BlackElo "2246"]
[TimeControl "180+1"]
[EndTime "10:54:54 PDT"]
[Termination "TrickyFortem won by resignation"]

1. e4 d5 2. exd5 Nf6 3. Bb5+ Nbd7 4. Nc3 a6 5. Ba4 b5 6. Bb3 Bb7 7. Nf3 Nb6 8. O-O Nfxd5 9. Ne4 e6 10. d4 Be7 11. c3 O-O 12. Bc2 Nf6 13. Neg5 h6 14.
Nh3 Qd5 15. Nf4 Qc6 16. Ne5 Qd6 17. Qd3 Rad8 18. Re1 c5 19. Nh5 Ne4 20. Rxe4 Bxe4 21. Qxe4 f5 22. Qf3 cxd4 23. Bf4 Qd5 24. Qg3 Bf6 25.
Bb3 Nc4 26. cxd4 Rc8 27. Rd1 a5 28. Ng6 Rf7 29. Nxf6+ 1-0

[Event "*** Titled Tuesday Blitz"]
[Site "Chess.com"]
[Date "2020.10.20"]
[Round "5"]
[White "Piotrek1979"]
[Black "TrenerChos"]
[Result "1-0"]
[WhiteElo "2412"]
[BlackElo "2187"]
[TimeControl "180+1"]
[EndTime "10:54:54 PDT"]
[Termination "Piotrek1979 won by resignation"]

1. Nf3 Nf6 2. g3 e6 3. Bg2 d5 4.
O-O Be7 5. c4 O-O 6. d3 b6 7.
Nc3 Bb7 8. Bf4 Bd6 9. Qc1 Bxf4 10. Qxf4 Nc6 11. Rac1 dxc4 12. dxc4 Qd6 13. Rfd1 Qxf4 14. gxf4 a6 15. Ne5 Na5 16. Bxb7 Nxb7 17. Nc6 Nd6 18.
b3 a5 19. e3 Rfc8 20. Ne7+ Kf8 21. Nxc8 Rxc8 22. Kg2 Ke7 23. Kf3 c6 24. Na4 Rb8 25.
Nxb6 Rxb6 26. Rxd6 Kxd6 27. c5+ Kc7 28. cxb6+ Kxb6 29. e4 Nd5 30. exd5 1-0

[Event "*** Titled Tuesday Blitz"]
[Site "Chess.com"]
[Date "2020.10.20"]
[Round "5"]
[White "NikolaGry"]
[Black "ChristopherYoo"]
[Result "0-1"]
[WhiteElo "2708"]
[BlackElo "2844"]
[TimeControl "180+1"]
[EndTime "10:54:57 PDT"]
[Termination "ChristopherYoo won by resignation"]

1. b3 g6 2. Bb2 Nf6 3. Bxf6 exf6 4. c4 d5 5. cxd5 Qxd5 6. Nc3 Qa5 7. a3 c6 8. e3 Bg7 9. Nf3 O-O 10. b4 Qd8 11. Bc4 Bg4 12. d4 Nd7 13. O-O Nb6 14. Ba2 f5 15. h3 Bh5 16. g3 a5 17. bxa5 Rxa5 18. Kg2 c5 19. Ne2 Bxf3+ 20. Kxf3 cxd4 21. Nxd4 Bxd4 22. exd4 Rxa3+ 23. Kg2 Rxa2 0-1

[Event "*** Titled Tuesday Blitz"]
[Site "Chess.com"]
[Date "2020.10.20"]
[Round "5"]
[White "As0nchess"]
[Black "SGchess01"]
[Result "1-0"]
[WhiteElo "2615"]
[BlackElo "2801"]
[TimeControl "180+1"]
[EndTime "10:54:57 PDT"]
[Termination "As0nchess won by resignation"]

1. e4 c6 2. d4 d5 3. Nd2 dxe4 4.
Nxe4 Nf6 5. Nxf6+ exf6 6. c3 Bd6 7. Bd3 O-O 8. Qc2 Re8+ 9. Ne2 h5 10. O-O h4 11. h3 Nd7 12. Bd2 Nf8 13. Rae1 Ne6 14.
Qd1 Bc7 15. f4 Qd6 16. Nc1 c5 17. Qh5 Bd7 18. Qh7+ Kf8 19. dxc5 Qxc5+ 20. Be3 Qd6 21. Qh8+ Ke7 22. Qxh4 Bb6 23. f5 Rh8 24. Qf2 Bc7 25. Bf4 1-0

[Event "*** Titled Tuesday Blitz"]
[Site "Chess.com"]
[Date "2020.10.20"]
[Round "5"]
[White "kai_nov"]
[Black "Skatchkov_V"]
[Result "1-0"]
[WhiteElo "2265"]
[BlackElo "2511"]
[TimeControl "180+1"]
[EndTime "10:54:59 PDT"]
[Termination "kai_nov won by checkmate"]

1. d4 Nf6 2. c4 e6 3. Nc3 Bb4 4. f3 O-O 5. e4 c5 6. d5 b5 7. e5 Ne8 8. f4 exd5 9. cxd5 Bb7 10. Nf3 d6 11. Bd3 dxe5 12. fxe5 Qxd5 13. O-O Bxc3 14.
bxc3 Nc7 15. Qc2 h6 16. c4 bxc4 17. Bxc4 Qc6 18. Rd1 Nba6 19. Rd6 Qe8 20. Rxh6 gxh6 21. Qg6+ Kh8 22. Qxh6+ Kg8 23. Qg6+ Kh8 24. Qf6+ Kg8 25. Bh6 Qxe5 26. Nxe5 Ne8 27. Bxf7+ Rxf7 28. Qxf7+ Kh8 29. Ng6# 1-0

[Event "*** Titled Tuesday Blitz"]
[Site "Chess.com"]
[Date "2020.10.20"]
[Round "5"]
[White "ZverevLev"]
[Black "Skat2704"]
[Result "0-1"]
[WhiteElo "2259"]
[BlackElo "1878"]
[TimeControl "180+1"]
[EndTime "10:54:59 PDT"]
[Termination "Skat2704 won by resignation"]

1. e4 c6 2. d4 d5 3. e5 Bf5 4. Nd2 e6 5. Nb3 Ne7 6. Nf3 Nd7 7. Be3 Nc8 8. c3 Be7 9. Bd3 Bxd3 10. Qxd3 O-O 11.
h4 Qc7 12. Ng5 Bxg5 13. hxg5 g6 14. Rh6 c5 15. Nd2 cxd4 16. cxd4 Ne7 17. g4 Nc6 18. a3 Qb6 19. Ke2 Kg7 20. Rah1 Rh8 21. b4 a5 22. b5 Ne7 23. a4 Rac8 24. Nb3 Rc4 25. Bd2 Rxa4 26. Nc5 Nxc5 27. Qh3 Ne4 28. Rxh7+ Rxh7 29. Qxh7+ Kf8 30. Qh6+ Ke8 31. Qh8+ Kd7 0-1

[Event "*** Titled Tuesday Blitz"]
[Site "Chess.com"]
[Date "2020.10.20"]
[Round "5"]
[White "VladaSviridova"]
[Black "zurzan"]
[Result "1-0"]
[WhiteElo "2242"]
[BlackElo "1995"]
[TimeControl "180+1"]
[EndTime "10:55:00 PDT"]
[Termination "VladaSviridova won by checkmate"]

1. d4 d6 2. Nf3 f5 3. c4 Nf6 4. Nc3 g6 5. g3 Bg7 6. Bg2 O-O 7. O-O c6 8. Qc2 Na6 9. Rd1 Qc7 10. Rb1 e5 11. dxe5 dxe5 12. b4 Be6 13. Na4 Rad8 14. Rxd8 Rxd8 15. Ng5 Bc8 16. c5 h6 17. Qb3+ Nd5 18. e4 hxg5 19. exd5 cxd5 20. Bxd5+ Kh7 21.
Bxg5 Re8 22. b5 Nxc5 23. Qc4 b6 24. Qh4+ Bh6 25. Qxh6# 1-0

[Event "*** Titled Tuesday Blitz"]
[Site "Chess.com"]
[Date "2020.10.20"]
[Round "5"]
[White "mr_gustavo"]
[Black "IngOscarArdila"]
[Result "1-0"]
[WhiteElo "2433"]
[BlackElo "2187"]
[TimeControl "180+1"]
[EndTime "10:55:02 PDT"]
[Termination "mr_gustavo won by resignation"]

1. e4 e5 2. Nf3 Nf6 3. Nxe5 d6 4. Nf3 Nxe4 5. Nc3 Nf6 6. d4 Be7 7. Bd3 O-O 8. O-O Bg4 9. h3 Bh5 10. Re1 Nbd7 11. Bf4 Re8 12. g4 Bg6 13. Bxg6 hxg6 14. Qd3 Nb6 15. Re2 Nbd5 16. Nxd5 Nxd5 17. Bg3 Qd7 18.
Rae1 Bf8 19. a3 Rxe2 20. Qxe2 Rd8 21. c4 Nf6 22. d5 Re8 23. Qf1 Ne4 24. Bf4 f5 25. g5 Be7 26. h4 Qa4 27. Nd4 c6 28.
f3 Nc5 29. Bxd6 Kf7 30. Qe2 Nd3 31. Bxe7 Rxe7 32. Qxe7+ Kg8 33. Ne6 1-0

[Event "*** Titled Tuesday Blitz"]
[Site "Chess.com"]
[Date "2020.10.20"]
[Round "5"]
[White "VMikhalevski"]
[Black "gmpeter008"]
[Result "1-0"]
[WhiteElo "2705"]
[BlackElo "2428"]
[TimeControl "180+1"]
[EndTime "10:55:12 PDT"]
[Termination "VMikhalevski won by resignation"]

1. Nf3 d5 2. g3 c5 3. Bg2 Nf6 4.
O-O g6 5. c4 d4 6. b4 cxb4 7. Bb2 Nc6 8. e3 d3 9. a3 Bg7 10. axb4 Nxb4 11. Qa4+ Nc6 12. Ne5 O-O 13. Nxc6 bxc6 14. Qxc6 Rb8 15. Be5 Bb7 16. Qa4 Bxg2 17.
Kxg2 Rb7 18. Nc3 Qa8 19. f3 Rc8 20. Nb5 Rc5 21. Bd4 Rh5 22. Nxa7 Ng4 23. Nc6 Qxa4 24.
Rxa4 Nxh2 25. Ra8+ Bf8 26. Rfa1 Rc7 27. Rxf8+ 1-0

[Event "*** Titled Tuesday Blitz"]
[Site "Chess.com"]
[Date "2020.10.20"]
[Round "5"]
[White "shriyanasmallya"]
[Black "DinaBelenkaya"]
[Result "0-1"]
[WhiteElo "1659"]
[BlackElo "2279"]
[TimeControl "180+1"]
[EndTime "10:55:12 PDT"]
[Termination "DinaBelenkaya won by checkmate"]

1. e4 d5 2. exd5 Qxd5 3. Nc3 Qa5 4. d4 Nf6 5. Nf3 c6 6. Bd2 Bf5 7. Bd3 Bxd3 8. cxd3 e6 9. O-O Qb6 10. b3 Nbd7 11.
Ne4 Be7 12. Bf4 O-O 13. Nd6 Nd5 14. Bg3 Bf6 15. Ne4 Bxd4 16. Nxd4 Qxd4 17. Qg4 f5 18.
Qh3 fxe4 19. Qxe6+ Rf7 20. dxe4 N5f6 21. Rad1 Qxe4 22.
Qxe4 Nxe4 23. Rfe1 Nxg3 24. fxg3 Raf8 25. h3 Nb6 26. a4 Nd5 27. Rd3 Rf2 28. Kh2 Rb2 29. h4 Rff2 30. Re8+ Kf7 31. Rb8 Rxg2+ 32. Kh3 Rh2+ 33. Kg4 Nf6+ 34. Kf3 Rhf2+ 35. Ke3 c5 36. Rxb7+ Ke6 37. Rxa7 Ng4+ 38. Ke4 Rbe2+ 39. Re3 Rxe3# 0-1

[Event "*** Titled Tuesday Blitz"]
[Site "Chess.com"]
[Date "2020.10.20"]
[Round "5"]
[White "sjam6687"]
[Black "ezkybel"]
[Result "1-0"]
[WhiteElo "2646"]
[BlackElo "2447"]
[TimeControl "180+1"]
[EndTime "10:55:15 PDT"]
[Termination "sjam6687 won by resignation"]

1. d4 e6 2. c4 Bb4+ 3. Nc3 Nf6 4. Nf3 c5 5. e3 d5 6. Bd3 b6 7.
O-O Bxc3 8. bxc3 Bb7 9. cxd5 exd5 10. c4 O-O 11. cxd5 Qxd5 12. dxc5 Rd8 13. Bc2 Qxd1 14. Bxd1 bxc5 15. Bb2 Ne4 16. Bb3 Nc6 17. Rac1 Nb4 18. Ne5 Bd5 19. Bxd5 Nxd5 20. f3 Nef6 21. e4 Ne3 22. Rfe1 Nxg2 23. Kxg2 Rd2+ 24. Kf1 Rxb2 25. Re2 Rab8 26. Rxc5 h5 27. Rc7 R8b7 28. Rc8+ Kh7 29. Rxb2 Rxb2 30. Nxf7 Rxh2 31. e5 Nd5 32. Ng5+ Kg6 33.
Ne4 h4 34. e6 Rxa2 35. Rc5 Ne3+ 36. Kg1 Ra1+ 37. Kf2 Nd1+ 38. Ke2 h3 39. e7 Kf7 40. Re5 Nc3+ 41. Nxc3 h2 42. e8=Q+ 1-0

[Event "*** Titled Tuesday Blitz"]
[Site "Chess.com"]
[Date "2020.10.20"]
[Round "5"]
[White "baki83"]
[Black "Sanan_Sjugirov"]
[Result "0-1"]
[WhiteElo "2751"]
[BlackElo "2919"]
[TimeControl "180+1"]
[EndTime "10:55:19 PDT"]
[Termination "Sanan_Sjugirov won by resignation"]

1. e4 c5 2. Nf3 Nc6 3. Bb5 d6 4.
O-O Bd7 5. Re1 Nf6 6. c3 a6 7. Bf1 Bg4 8. h3 Bxf3 9. Qxf3 e6 10. d3 Be7 11. Be3 d5 12. Nd2 O-O 13. Bf4 Rc8 14.
a4 Qb6 15. Rab1 Rfd8 16. exd5 Nxd5 17. Nc4 Qa7 18. Bg3 b5 19. axb5 axb5 20. Ra1 Qd7 21. Ne3 Nxe3 22. Qxe3 Ra8 23. Be2 b4 24. Qe4 bxc3 25. bxc3 Bf6 26. Rxa8 Rxa8 27. Bf3 Rc8 28. Qc4 Na5 29. Qa6 Bxc3 30. Rc1 Bb4 31. d4 Nb3 0-1

[Event "*** Titled Tuesday Blitz"]
[Site "Chess.com"]
[Date "2020.10.20"]
[Round "5"]
[White "KhamzinOlzhas"]
[Black "Klavdia_Nik"]
[Result "1-0"]
[WhiteElo "2333"]
[BlackElo "2071"]
[TimeControl "180+1"]
[EndTime "10:55:19 PDT"]
[Termination "KhamzinOlzhas won by resignation"]

1. e4 g6 2. d4 Bg7 3. Nc3 d6 4. Be3 c6 5. Qd2 Nd7 6. Nf3 a6 7. h3 b5 8. Bd3 Bb7 9. a4 Rb8 10. O-O h6 11. Rfe1 b4 12. Ne2 a5 13. Ng3 Qc7 14. c3 c5 15. d5 bxc3 16. bxc3 Ne5 17. Nxe5 Bxe5 18. Bb5+ Kf8 19. Rab1 Bc8 20. f4 Bg7 21.
Bf2 h5 22. Qe3 h4 23. Nf1 Bd7 24. Bxd7 Rxb1 25. Rxb1 Bf6 26. Bb5 Kg7 27. Nd2 g5 28. fxg5 Be5 29. Nc4 f6 30. Nxe5 fxe5 31. Bc6 1-0

[Event "*** Titled Tuesday Blitz"]
[Site "Chess.com"]
[Date "2020.10.20"]
[Round "5"]
[White "OhanyanEminChess"]
[Black "crazy_but_lazy"]
[Result "1-0"]
[WhiteElo "2654"]
[BlackElo "2467"]
[TimeControl "180+1"]
[EndTime "10:55:20 PDT"]
[Termination "OhanyanEminChess won by resignation"]

1. e4 e6 2. d4 d5 3. exd5 exd5 4. Bd3 Nc6 5. c3 Bd6 6. Ne2 Nge7 7. O-O Be6 8. Bf4 Qd7 9. Nd2 f6 10. Bxd6 Qxd6 11. Ng3 h5 12. Nxh5 O-O-O 13. Ng3 g5 14. Re1 Rh6 15. Qe2 Bd7 16. Nb3 Rdh8 17. h3 f5 18. Nc5 f4 19. Nxd7 Qxd7 20. Nf1 g4 21. Nh2 f3 22. Qe3 fxg2 23. Kxg2 R6h7 24. Bxh7 1-0

[Event "*** Titled Tuesday Blitz"]
[Site "Chess.com"]
[Date "2020.10.20"]
[Round "5"]
[White "Bigfish1995"]
[Black "vovachesss"]
[Result "1-0"]
[WhiteElo "3040"]
[BlackElo "2685"]
[TimeControl "180+1"]
[EndTime "10:55:22 PDT"]
[Termination "Bigfish1995 won on time"]

1. c4 g6 2. h4 h5 3. Nc3 Bg7 4. d4 Nf6 5. e4 d6 6. Be2 O-O 7. Bg5 Nbd7 8. Qd2 c5 9. d5 a6 10.
a4 Ne5 11. f3 Bd7 12. Nh3 Qc7 13. Nf2 Rfb8 14. O-O b6 15. Rae1 Qd8 16. b3 Ne8 17. f4 Ng4 18. Nxg4 Bxg4 19. Bxg4 hxg4 20. f5 Nf6 21. e5 dxe5 22. fxg6 fxg6 23. Qd3 e4 24. Nxe4 Rb7 25. Ng3 Qd6 26. Re6 1-0

[Event "*** Titled Tuesday Blitz"]
[Site "Chess.com"]
[Date "2020.10.20"]
[Round "5"]
[White "Gerodot71"]
[Black "PauloCesarCosta_sad"]
[Result "1-0"]
[WhiteElo "2458"]
[BlackElo "2273"]
[TimeControl "180+1"]
[EndTime "10:55:23 PDT"]
[Termination "Gerodot71 won on time"]

1. d4 d5 2. c4 c6 3. Nf3 e6 4. Nc3 dxc4 5. a4 Bb4 6. e4 b5 7. Be2 Nf6 8. Qc2 Qb6 9. O-O Nbd7 10. Be3 Bxc3 11. bxc3 Ng4 12. Bf4 Bb7 13. Rab1 O-O 14. Bxc4 a6 15. Bd3 h6 16. e5 f5 17. h3 Nxf2 18. Rxf2 c5 19. axb5 cxd4 20. bxa6 Qxb1+ 21. Qxb1 Bxf3 22. Rxf3 Nxe5 23. Bxe5 Rxa6 24. Bxa6 dxc3 25. Rg3 Rf7 26. Qb8+ Kh7 27. Qc8 c2 28. Qxc2 1-0

[Event "*** Titled Tuesday Blitz"]
[Site "Chess.com"]
[Date "2020.10.20"]
[Round "5"]
[White "Goryachkina"]
[Black "ehrenfeld"]
[Result "1-0"]
[WhiteElo "2664"]
[BlackElo "2487"]
[TimeControl "180+1"]
[EndTime "10:55:29 PDT"]
[Termination "Goryachkina won by resignation"]

1. e4 d6 2. d4 g6 3. Nc3 Bg7 4. Be3 b6 5. Qd2 Bb7 6. O-O-O Nd7 7. h4 h5 8. Nf3 c5 9. Ng5 cxd4 10. Bxd4 Ngf6 11.
f4 e5 12. Be3 O-O 13. Qxd6 Ng4 14. Qxd7 Nxe3 15. Qxb7 Nxd1 16. Nxd1 exf4 17. Bc4 Qf6 18. Bxf7+ Kh8 19. Bd5 Rac8 20. Ne6 Rfe8 21. Nxg7 Qxg7 22. Qxg7+ Kxg7 23. Rf1 Rf8 24. Rf3 Rce8 25. Nf2 g5 26.
hxg5 Kg6 27. Nh3 1-0

[Event "*** Titled Tuesday Blitz"]
[Site "Chess.com"]
[Date "2020.10.20"]
[Round "5"]
[White "juancruzarias"]
[Black "bakki78"]
[Result "0-1"]
[WhiteElo "2546"]
[BlackElo "2737"]
[TimeControl "180+1"]
[EndTime "10:55:32 PDT"]
[Termination "bakki78 won by resignation"]

1. e4 c5 2. Nc3 a6 3. a4 Nc6 4. g3 g6 5. Bg2 Bg7 6. d3 Rb8 7. f4 b5 8. axb5 axb5 9. Nf3 b4 10. Ne2 d6 11. O-O Nf6 12. h3 O-O 13.
g4 Nd7 14. f5 Qb6 15. Kh1 Nd4 16. Nf4 Bb7 17. Nd2 Ne5 18. c3 bxc3 19. bxc3 Nb5 20.
Qc2 Qc7 21. Bb2 Nd7 22. Nc4 Nb6 23. Ne3 Qd7 24. Rab1 e6 25. Ba1 Bc6 26. g5 exf5 27.
exf5 Be5 28. Nfd5 Nxd5 29. Nxd5 Na3 30. Qa2 Nxb1 31. Rxb1 Rxb1+ 32. Qxb1 Bxd5 33. Bxd5 Qxf5 34. Bg2 Qf4 35. Kg1 Qe3+ 36. Kh1 Qg3 37. Kg1 Re8 38. Qb5 Bd4+ 0-1

[Event "*** Titled Tuesday Blitz"]
[Site "Chess.com"]
[Date "2020.10.20"]
[Round "5"]
[White "FredyMatsuura"]
[Black "sotochess"]
[Result "0-1"]
[WhiteElo "2393"]
[BlackElo "2631"]
[TimeControl "180+1"]
[EndTime "10:55:34 PDT"]
[Termination "sotochess won by resignation"]

1. d4 Nf6 2. c4 g6 3. Nc3 d5 4.
cxd5 Nxd5 5. e4 Nxc3 6. bxc3 Bg7 7. Be3 O-O 8. Qd2 c5 9. Rc1 Qa5 10. Be2 Rd8 11. d5 e6 12. c4 Qxd2+ 13. Bxd2 exd5 14.
cxd5 b6 15. Bc3 Bh6 16. Rd1 Ba6 17. Bxa6 Nxa6 18. Ne2 Re8 19. e5 Nb4 20. O-O Nxa2 21. Bb2 Nb4 22. f4 Rad8 23. d6 f6 24. Ng3 fxe5 25. fxe5 Bg7 26. Rfe1 c4 27. d7 Re6 28. Ne4 Nd3 29. Ng5 Re7 30. Ba3 Rxe5 31. Ne6 Rxd7 32.
Nxg7 Rxe1+ 0-1

[Event "*** Titled Tuesday Blitz"]
[Site "Chess.com"]
[Date "2020.10.20"]
[Round "5"]
[White "tan275"]
[Black "PattyCastillo"]
[Result "1-0"]
[WhiteElo "2175"]
[BlackElo "1926"]
[TimeControl "180+1"]
[EndTime "10:55:39 PDT"]
[Termination "tan275 won by resignation"]

1. d4 d5 2. c4 c6 3. Nf3 Nf6 4. g3 e6 5. Bg2 Bd6 6. O-O O-O 7.
Nfd2 Nbd7 8. Nc3 e5 9. dxe5 Nxe5 10. cxd5 cxd5 11. Nxd5 Nxd5 12. Bxd5 Bh3 13. Bg2 Bxg2 14. Kxg2 Qb6 15. Qb3 Qc6+ 16. Nf3 Rfe8 17. Bd2 Nxf3 18. exf3 Rad8 19. Rac1 Qd7 20. Bg5 Be7 21. Rfd1 Qf5 22. Bxe7 Rxd1 23. Rxd1 1-0

[Event "*** Titled Tuesday Blitz"]
[Site "Chess.com"]
[Date "2020.10.20"]
[Round "5"]
[White "pedromartinez91"]
[Black "GregShahade"]
[Result "0-1"]
[WhiteElo "2482"]
[BlackElo "2659"]
[TimeControl "180+1"]
[EndTime "10:55:43 PDT"]
[Termination "GregShahade won by resignation"]

1. b3 d5 2. Bb2 Bg4 3. Nf3 Bxf3 4. exf3 Nf6 5. g3 g6 6. Bg2 Bg7 7. O-O O-O 8. f4 c6 9. d3 Nbd7 10. Nd2 Ne8 11. d4 Nd6 12. Nf3 a5 13. a3 a4 14. b4 Nc4 15. Bc1 Ndb6 16. Re1 e6 17. h4 h5 18. c3 Nd6 19. Ne5 Nbc4 20. Bf1 Ne4 21. Rxe4 dxe4 22. Bxc4 Kh7 23. Ba2 f6 24. Nc4 e5 25. Be3 b5 26. Nd2 exd4 27. Bxd4 f5 28.
Bxg7 Kxg7 29. Nf1 Qxd1 30. Rxd1 Rad8 31. Rc1 Rd3 32. Bb1 Rd6 33. c4 Rfd8 34. cxb5 cxb5 35. Rc5 Rd5 36. Rc6 R8d6 37. Rc7+ Rd7 38. Rxd7+ Rxd7 39. Ne3 Rc7 40. Kf1 Rc1+ 0-1

[Event "*** Titled Tuesday Blitz"]
[Site "Chess.com"]
[Date "2020.10.20"]
[Round "5"]
[White "davigator"]
[Black "Pertinhez76"]
[Result "1-0"]
[WhiteElo "2348"]
[BlackElo "2145"]
[TimeControl "180+1"]
[EndTime "10:55:45 PDT"]
[Termination "davigator won by checkmate"]

1. e4 e6 2. d4 d5 3. Nc3 Nf6 4. e5 Nfd7 5. f4 c5 6. Nf3 Nc6 7.
Be3 Be7 8. Qd2 O-O 9. dxc5 Nxc5 10. O-O-O a6 11. Qf2 b6 12. h4 Qc7 13. h5 Kh8 14.
Rh3 Bb7 15. Rg3 Rac8 16. Kb1 Nd7 17. Bd3 Nb4 18. Bd4 Nxd3 19. cxd3 Bc5 20. Qe3 b5 21. f5 Bxd4 22. Qxd4 b4 23. Qg4 Rg8 24. fxe6 bxc3 25. Rc1 c2+ 26. Ka1 Nxe5 27. Nxe5 Qxe5 28. exf7 Rgf8 29. h6 g6 30. d4 Qe4 31. Qg5 Rxf7 32. Rf3 Rxf3 33. gxf3 Qf5 34. Qe7 Bc6 35. Qg7# 1-0

[Event "*** Titled Tuesday Blitz"]
[Site "Chess.com"]
[Date "2020.10.20"]
[Round "5"]
[White "MarkoPe"]
[Black "Vyacheslav_N"]
[Result "1-0"]
[WhiteElo "2169"]
[BlackElo "2362"]
[TimeControl "180+1"]
[EndTime "10:55:48 PDT"]
[Termination "MarkoPe won on time"]

1. c4 e6 2. g3 d5 3. Bg2 Nf6 4. Nf3 Be7 5. O-O O-O 6. b3 d4 7. Bb2 c5 8. e3 Nc6 9. exd4 cxd4 10. d3 a5 11. Nbd2 Bc5 12. Re1 Re8 13. Ng5 h6 14.
Nge4 Nxe4 15. Nxe4 Bf8 16. h4 f6 17. Qh5 f5 18.
Nd2 Bd7 19. Nf3 e5 20. Ng5 hxg5 21. hxg5 g6 22. Qxg6+ Bg7 23. Bd5+ Be6 24. Bxe6+ Rxe6 25. Qxe6+ Kh7 26. Kg2 Qxg5 27. Rh1+ Bh6 28. Rxh6+ Qxh6 29. Rh1 Qxh1+ 30. Kxh1 Rf8 31. Qd7+ Kg6 32. Qxb7 Rf6 33. Ba3 Re6 34. Bf8 1-0

[Event "*** Titled Tuesday Blitz"]
[Site "Chess.com"]
[Date "2020.10.20"]
[Round "5"]
[White "LittlePeasant"]
[Black "Berardino"]
[Result "1-0"]
[WhiteElo "2808"]
[BlackElo "2584"]
[TimeControl "180+1"]
[EndTime "10:55:49 PDT"]
[Termination "LittlePeasant won by resignation"]

1. Nf3 d5 2. c4 d4 3. b4 f6 4.
e3 e5 5. c5 a5 6. Qa4+ Bd7 7.
b5 Bxc5 8. Bc4 Ne7 9. exd4 exd4 10. Ba3 Bxa3 11. Nxa3 Bg4 12. Nxd4 Nd7 13. Nac2 Nb6 14.
Qb3 Nxc4 15. Qxc4 Qd5 16. Qxd5 Nxd5 17. Ne3 Nxe3 18. fxe3 O-O-O 19. Kf2 Rhe8 20. Rhc1 Rd5 21. Rc2 Kb8 22. Rac1 Re7 23. h3 Bc8 24. b6 Rdd7 25. Rc5 a4 26. R1c4 a3 27. Rc3 g6 28. d3 c6 29.
Rxa3 Re5 30. Rc4 1-0

[Event "*** Titled Tuesday Blitz"]
[Site "Chess.com"]
[Date "2020.10.20"]
[Round "5"]
[White "joppie2"]
[Black "keepitcoming"]
[Result "1-0"]
[WhiteElo "2867"]
[BlackElo "2624"]
[TimeControl "180+1"]
[EndTime "10:55:50 PDT"]
[Termination "joppie2 won by resignation"]

1. e4 c6 2. d4 d5 3. e5 Bf5 4. Nf3 e6 5. Be2 c5 6. O-O Nc6 7. c3 Bg4 8. Be3 cxd4 9. cxd4 Nge7 10. Nc3 Nf5 11. h3 Bxf3 12. Bxf3 Be7 13. Bg4 Nxe3 14. fxe3 O-O 15. a3 Rc8 16. Qd3 g6 17. b4 Bg5 18. Ra2 b6 19. Nb5 Be7 20. Raf2 Qd7 21.
Nc3 a5 22. b5 Na7 23. a4 Bb4 24. Ne2 Rc7 25. Nf4 Rc3 26. Qe2 Rfc8 27. Nxe6 fxe6 28. Rf6 Re8 29. Qf3 Rc7 30. h4 Qg7 31. Bxe6+ Kh8 32.
Bxd5 Nc8 33. Bc6 Rd8 34. d5 Be7 35. d6 Nxd6 36. exd6 Bxd6 37. Kh1 Re8 38. Rxd6 1-0

[Event "*** Titled Tuesday Blitz"]
[Site "Chess.com"]
[Date "2020.10.20"]
[Round "5"]
[White "SergeyShtyka"]
[Black "MPGM"]
[Result "0-1"]
[WhiteElo "2257"]
[BlackElo "2451"]
[TimeControl "180+1"]
[EndTime "10:55:50 PDT"]
[Termination "MPGM won by resignation"]

1. e4 d6 2. d4 Nf6 3. Nc3 g6 4.
Nge2 Bg7 5. g3 O-O 6. Bg2 e5 7. h3 Re8 8. dxe5 dxe5 9. Qxd8 Rxd8 10. Bg5 c6 11. f4 h6 12. Bh4 Nbd7 13. O-O-O Re8 14.
Rhf1 Nh7 15. Bf3 g5 16. Bg4 Ndf6 17. Bxc8 Raxc8 18. fxg5 hxg5 19. Rf5 gxh4 20. gxh4 Bh6+ 21. Kb1 Re6 22. Ng3 Kf8 23. Rdf1 Rc7 24. a4 Ne8 25.
Rh5 Ng7 26. Rhf5 Nxf5 27. exf5 Rd6 28. Nce4 Rd4 29. c3 Rd3 30. Nh5 Rcd7 31. Ka2 Rxh3 32.
Rg1 Rxh4 33. Nhf6 Nxf6 34. Nxf6 Rd2 0-1